AoeStats
← martin171088

Pilgrims

509692751Analyzed
4v4 RM · 6d ago on Sep 27, 2026· 24m 54s· 8 players
Game mode
Random Map
Map size
Large (8 player)
Population
200
Speed
Normal
Resources
Standard
Victory
Conquest
Starting age
Dark Age
Ending age
Imperial Age
RankedLock teamsTeams togetherTeam positionsShared explorationLock speedFull tech treeHidden civsTurbo modeCheats
Victory
Defeat
🇩🇪 Armenians · Germany
1248
+9
🇩🇪 Vikings · Germany
1166
+12
🇩🇪 Japanese · Germany
1019
+17
🇩🇪 Bulgarians · Germany
948
+36
🇲🇽 Saxons · Mexico
1080
-15
🇺🇸 Huns · United States
1058
-14
🇹🇷 Goths · Türkiye
1058
-14
🇹🇷 Sicilians · Türkiye
1052
-14
Tiger Chicky Face
12:11 Feudal Age
12:41 Feudal Age
12:04 Loom
16:35 Castle Age
16:23 Man-at-Arms
17:00 Long Swordsman
17:55 Scale Mail Armor
18:56 Squires
21:20 Double-Bit Axe
Vivi
11:49 Feudal Age
13:58 Fishing Lines
16:47 Fletching
16:53 Loom
20:04 Castle Age
18:07 Padded Archer Armor
19:59 Double-Bit Axe
20:37 Gillnets
21:45 Wheelbarrow
21:12 Bodkin Arrow
21:32 Leather Archer Armor
23:26 Bow Saw
Jewish MasterMind
10:40 Feudal Age
10:36 Loom
24:07 Fletching
Imperial Guard
5:40 Loom
12:06 Feudal Age
12:33 Fishing Lines
12:41 Double-Bit Axe
20:50 Castle Age
20:19 Fletching
20:53 Town Watch
21:59 Medium Warships
21:58 Gillnets
23:49 Bow Saw
Trololo
7:01 Loom
9:28 Feudal Age
11:12 Fletching
13:29 Horse Collar
13:36 Double-Bit Axe
16:17 Gold Mining
21:24 Castle Age
21:13 Scale Mail Armor
22:16 Wheelbarrow
21:58 Fishing Lines
22:31 Forging
21:44 Man-at-Arms
22:10 Gambesons
22:47 Bow Saw
22:59 Medium Warships
22:52 Bodkin Arrow
23:05 Squires
23:06 Long Swordsman
24:03 Two-Handed Swordsman
martin171088
3:59 Loom
12:20 Feudal Age
13:14 Double-Bit Axe
13:13 Horse Collar
18:42 Gold Mining
20:56 Fletching
23:08 Castle Age
24:25 Medium Warships
24:14 Bodkin Arrow
Jeezye
11:43 Feudal Age
10:34 Loom
17:51 Fishing Lines
17:48 Man-at-Arms
18:16 Arson
19:22 Double-Bit Axe
19:41 Fletching
20:12 Scale Mail Armor
20:22 Forging
20:52 Gold Mining
22:42 Stone Mining
26:03 Wheelbarrow
Fungi93
4:38 Loom
11:06 Feudal Age
18:19 Castle Age
16:12 Fletching
16:59 Padded Archer Armor
18:25 Crossbowman
22:54 Bodkin Arrow
Connection lost

Rejoining the realm…

Still unreachable

The connection could not be restored.

Session expired

The server has moved on; the page needs a fresh start.